 Dungeon Crawl Stone Soup version 0.21.1-1-g345015fe64 (webtiles) character file.

747488 Peloso the Minotaur Barricade (level 27, -6/245 HPs)
             Began as a Minotaur Fighter on June 9, 2018.
             Was the Champion of Okawaru.
             Mangled by a death ooze (9 damage)
             ... created by the Royal Jelly
             ... while paralysed
             ... on level 5 of the Pits of Slime on June 10, 2018.
             The game lasted 05:17:50 (77472 turns).

Peloso the Minotaur Barricade (Minotaur Fighter)   Turns: 77472, Time: 05:17:50

Health: -6/245     AC: 29    Str: 35 (36) XL:     27
Magic:  22/22      EV:  2    Int: 13      God:    Okawaru [******]
Gold:   8699       SH:  0    Dex: 27      Spells: 27/27 levels left

rFire    + + .     SeeInvis .   a - +5 double sword of Daejounwot {flame, MR+ Str+5}
rCold    + + .     Gourm    .   o - +8 large shield of Peniwim {Dex+7}
rNeg     + . .     Faith    .   R - +10 gold dragon scales
rPois    +         Spirit   .   M - +0 hat "Tucacug" {rCorr Str+3 Int+8 Dex-2}
rElec    +         Reflect  +   X - scarf {rC+ rF+}
rCorr    +         Harm     .   c - +2 pair of gloves "Nucuptou" {Dex+4}
MR       ++++.                  E - +2 pair of boots of the Assassin {Detection Stab+ Stlth++}
Stlth    ++........             N - brooch of Shielding {Reflect SH+8}
HPRegen  0.90/turn              j - ring of Hox Hel {rElec Dex+4 Stlth+}
MPRegen  0.18/turn              y - ring "Xiuvyicw" {rElec rN+ MR+ Int+4}

@: paralysed, corroded, berserk cooldown, hasted and slowed
A: retaliatory headbutt, horns 2, deterioration 2, dopey 2, frail 1, low mp 2,
regeneration 1, weak 1, subdued magic 1, MP-powered wands
}: 3/15 runes: barnacled, silver, gossamer
a: Heroism, Finesse, Renounce Religion


You were on level 5 of the Pits of Slime.
You worshipped Okawaru.
Okawaru was exalted by your worship.
You were not hungry.

You visited 11 branches of the dungeon, and saw 57 of its levels.
You also visited: Labyrinth, Ice Cave and Wizlab.

You collected 10649 gold pieces.
You spent 1950 gold pieces at shops.

Inventory:

Hand Weapons
 a - the +5 double sword of Daejounwot (weapon) {flame, MR+ Str+5}
   (Okawaru gifted it to you on level 5 of the Lair of Beasts)

   It has been specially enchanted to burn those struck by it, causing extra
   injury to most foes and up to half again as much damage against particularly
   susceptible opponents.
   Big, fiery blades are also staple armaments of hydra-hunters.
   It affects your strength (+5).
   It affects your resistance to hostile enchantments.
 n - the +10 zealot's sword {holy, *Rage rN+ EV+3}
   (You found it on level 3 of the Crypt)

   It has been blessed by the Shining One to cause great damage to the undead
   and demons.
   It affects your evasion (+3).
   It protects you from negative energy.
   It may make you go berserk in combat.
 v - the +8 falchion of Sih Fut {slice, rPois rF- Str+8}
   (Okawaru gifted it to you on level 1 of the Realm of Zot)

   It inflicts extra damage upon your enemies.
   It affects your strength (+8).
   It makes you vulnerable to fire.
   It protects you from poison.
 F - the +12 demon blade of Lumamyem {drain, rPois rF+}
   (You took it off a deep elf knight on level 3 of the Elven Halls)

   A truly terrible weapon, it drains the life of those it strikes.
   It protects you from fire.
   It protects you from poison.
 L - the +10 long sword of the Throat {freeze, Dex+3}
   (Okawaru gifted it to you on level 5 of the Depths)

   It has been specially enchanted to freeze those struck by it, causing extra
   injury to most foes and up to half again as much damage against particularly
   susceptible opponents.
   It can also slow down cold-blooded creatures.
   It affects your dexterity (+3).
Armour
 c - the +2 pair of gloves "Nucuptou" (worn) {Dex+4}
   (You found it on level 2 of the Vaults)

   It affects your dexterity (+4).
 i - a +0 pair of boots of running
 o - the +8 large shield of Peniwim (worn) {Dex+7}
   (You acquired it on level 1 of the Elven Halls)

   It affects your dexterity (+7).
 E - the +2 pair of boots of the Assassin (worn) {Detection Stab+ Stlth++}
   (You acquired it on level 6 of the Lair of Beasts)

   It makes you much more stealthy.
 M - the +0 hat "Tucacug" (worn) {rCorr Str+3 Int+8 Dex-2}
   (Okawaru gifted it to you on level 10 of the Dungeon)

   It affects your strength (+3).
   It affects your intelligence (+8).
   It affects your dexterity (-2).
   It protects you from acid and corrosion.
 R - +10 gold dragon scales (worn)
 T - a +0 pair of gloves of strength
 X - a scarf of resistance (worn)
Jewellery
 j - the ring of Hox Hel (left hand) {rElec Dex+4 Stlth+}
   (You bought it in a shop on level 2 of the Orcish Mines)

   [ring of stealth]

   It affects your dexterity (+4).
   It insulates you from electricity.
   It makes you more stealthy.
 y - the ring "Xiuvyicw" (right hand) {rElec rN+ MR+ Int+4}
   (You found it in an ice cave)

   [ring of positive energy]

   It affects your intelligence (+4).
   It insulates you from electricity.
   It protects you from negative energy.
   It affects your resistance to hostile enchantments.
 B - an uncursed ring of poison resistance
 N - the brooch of Shielding (around neck) {Reflect SH+8}
   (You found it on level 2 of the Depths)

   [amulet of reflection]

   It shields you and reflects attacks.
   It affects your SH (+8).
 O - an uncursed ring of flight
 V - an uncursed ring of see invisible
Wands
 t - a wand of digging (24)
Scrolls
 b - 2 scrolls of silence
 g - 14 scrolls of fear
 m - 20 scrolls of remove curse
 p - 13 scrolls of blinking
 q - 11 scrolls of identify
 s - a scroll of magic mapping
 J - 2 scrolls of summoning
 Q - 23 scrolls of teleportation
Potions
 d - 6 potions of might
 e - 12 potions of curing
 h - 11 potions of heal wounds
 k - 10 potions of flight
 l - 4 potions of haste
 r - 3 potions of berserk rage
 u - 2 potions of resistance
 x - a potion of invisibility
 A - 10 potions of agility
Comestibles
 f - 74 rations


   Skills:
 O Level 27 Fighting
 O Level 27 Long Blades
   Level 2.3(2.5) Axes
   Level 1.2(2.3) Polearms
   Level 1.4(1.7) Staves
 + Level 1.0 Throwing
 O Level 27 Armour
 + Level 14.1 Dodging
 + Level 14.6 Stealth
 O Level 27 Shields
 + Level 6.4 Unarmed Combat
 + Level 0.5 Spellcasting
 + Level 9.2 Invocations
 + Level 3.2 Evocations


You had 27 spell levels left.
You didn't know any spells.

Dungeon Overview and Level Annotations

Branches:
Dungeon (15/15)            Temple (0/1) D:5            Lair (6/6) D:8
 Shoals (4/4) Lair:2       Spider (4/4) Lair:2        Slime (5/5) Lair:5
    Orc (2/2) D:12            Elf (3/3) Orc:2        Vaults (5/5) D:14
  Crypt (3/3) Vaults:2       Tomb (0/3) Crypt:3      Depths (5/5) D:15
    Zot (5/5) Depths:5

Altars:
Ashenzari
Cheibriados
Dithmenos
Elyvilon
Makhleb
Nemelex Xobeh
Okawaru
Sif Muna
Uskayaw
Wu Jian
The Shining One
Beogh
Jiyva

Shops:
D:11 (   D:12 *   Orc:1 %   Orc:2 ?=[*(=   Shoals:3 }   Vaults:3 [   Vaults:4 *
Depths:4 }==

Portals:
Hell: Depths:1 Depths:2 Depths:3 Depths:4 Depths:5
Abyss: Depths:3 Depths:4
Pandemonium: Depths:1 Depths:2 Depths:3 Depths:5
Ziggurat: Depths:3


Innate Abilities, Weirdness & Mutations

You reflexively headbutt those who attack you in melee.
You have a pair of horns on your head.
Your body often deteriorates upon taking damage.
You are very dopey. (Int -4)
You are frail. (-10% HP)
Your magical capacity is very low. (-20% MP)
Your natural rate of healing is unusually fast.
You are weak. (Str -2)
Your spells are a little easier to cast, but a little less powerful.
You expend magic power (3 MP) to strengthen your wands.


Message History

You resist.
* * * LOW HITPOINT WARNING * * *
The death ooze hits you but does no damage.
The death ooze hits you.
* * * LOW HITPOINT WARNING * * *
The acid blob spits acid at you. The splash of acid hits you!
The acid corrodes you!
You are splashed with acid!
The acid burns!
You resist.
* * * LOW HITPOINT WARNING * * *
The acid blob hits you!!
* * * LOW HITPOINT WARNING * * *
Your body deteriorates!
You feel weakened.
You are splashed with acid!
The acid burns!
You resist.
* * * LOW HITPOINT WARNING * * *
The acid blob hits you!
* * * LOW HITPOINT WARNING * * *
You are splashed with acid!
The acid burns!
You resist.
* * * LOW HITPOINT WARNING * * *
The death ooze hits you!
You die...

...............#
..............###
.................#
................##
....G...........##
..................#
.................##
.......JJ......###
......JJ@J.....#
......JJJJ....##
......JJJ....##
.....J.......#
...............#
...............#
.G............##
............#.#
...........####


You could see 6 acid blobs, 4 azure jellies, a shining eye, 3 death oozes and an
eye of draining.

Vanquished Creatures
  the Royal Jelly (Slime:5)
  6 orbs of fire
  8 ancient liches
  Mennas (Depths:3)
  5 juggernauts
  Bai Suzhen (Depths:3)
  Frederick (Depths:3)
  Saint Roka (Depths:2)
  3 curse toes
  Nikola (Shoals:1)
  3 Killer Klowns (Zot:5)
  9 caustic shrikes
  10 golden dragons
  A bone dragon (Depths:5)
  Arachne (Spider:4)
  Jorgrun (Elf:2)
  6 electric golems
  An Ice Fiend (IceCv)
  19 tentacled monstrosities
  25 Orb Guardians (Zot:5)
  Rupert (Lair:6)
  7 liches
  3 deep elf blademasters
  5 titans
  2 deep elf master archers (Elf:3)
  5 sphinxes
  13 acid blobs
  11 quicksilver dragons
  8 death cobs
  11 tengu reavers
  4 ancient champions
  21 storm dragons
  4 draconian monks
  A revenant (Crypt:3)
  11 shadow dragons
  Donald (Shoals:1)
  The ghost of Delanovic the Cleaver, an adept DsSk of Cheibriados (Depths:1)
  6 azure jellies
  Roxanne (Shoals:1)
  15 fire giants
  Ilsuiw (Shoals:4)
  2 orc warlords
  15 frost giants
  5 ghost moths
  18 vault wardens
  Aizul (Spider:2)
  An iron dragon (Vaults:4)
  4 draconian knights
  6 deep elf sorcerers
  10 draconian scorchers
  5 deep elf elementalists
  Louise (Elf:1)
  6 curse skulls
  4 emperor scorpions
  2 draconian shifters
  7 draconian stormcallers
  11 ghouls
  13 ironheart preservers
  2 draconian annihilators
  2 spriggan defenders (Depths:4)
  14 very ugly things
  A stone giant (shapeshifter) (Vaults:4)
  16 stone giants
  3 war gargoyles
  4 vampire knights
  The ghost of Kohma the Tortoise, a journeyman MiFi of the Shining One (Shoals:1)
  9 deep elf demonologists
  5 entropy weavers
  Nessos (Orc:2)
  15 yellow draconians
  11 purple draconians
  8 deep elf annihilators
  11 black draconians
  3 red draconians
  13 green draconians
  10 white draconians
  The ghost of Bapho the Timeless, a journeyman TrMo of Cheibriados (Lair:2)
  Azrael (Spider:3)
  7 spark wasps
  Snorg (D:11)
  The ghost of Lentor the Fencer, a journeyman MiBe of Trog (D:14)
  3 eidola
  An orange crystal statue (WizLab)
  A minotaur (Lab)
  3 merfolk javelineers
  8 deep elf high priests
  An ettin (shapeshifter) (Depths:2)
  The ghost of kaisn the Basher, a journeyman FoFi of Ashenzari (D:15)
  A blizzard demon (Depths:1)
  10 deep elf death magi
  20 ettins
  21 great orbs of eyes
  10 merfolk impalers
  6 death oozes
  6 jiangshi
  10 yaktaur captains
  The ghost of Bapho the Basher, a journeyman MiMo of Okawaru (D:11)
  32 vault guards
  14 fire dragons
  7 rakshasas
  8 ice dragons
  4 hydras
  A monstrous demonspawn (Depths:1)
  5 spriggan air magi
  A catoblepas (Lair:1)
  An ice dragon (shapeshifter) (Depths:2)
  7 centaur warriors
  3 death knights
  17 deep troll shamans
  35 two-headed ogres
  A two-headed ogre (shapeshifter) (Vaults:4)
  13 ogre magi
  22 dancing weapons
  An alligator snapping turtle (Shoals:4)
  4 death yaks (Lair:5)
  6 vampire magi
  7 merfolk avatars
  Urug (Lair:2)
  3 satyrs
  3 merfolk aquamancers
  A queen ant (shapeshifter) (Vaults:5)
  11 deep troll earth magi
  8 orc high priests
  8 spriggan berserkers
  7 tengu warriors
  4 hell knights
  18 deep elf knights
  A titan skeleton (Crypt:2)
  A large abomination (Elf:3)
  4 shadow wraiths
  18 skeletal warriors
  26 deep trolls
  22 sea snakes
  An iron troll (Depths:4)
  2 unseen horrors
  7 flayed ghosts
  An infernal demonspawn (Depths:1)
  7 glowing orange brains
  A swamp dragon (shapeshifter) (Vaults:1)
  11 deep elf archers
  8 phantasmal warriors
  29 harpies
  A harpy (shapeshifter) (Elf:2)
  11 ironbrand convokers
  Pikel (D:8)
  A lindwurm (Lair:2)
  26 orc knights
  3 shadow dragon zombies
  5 wizards
  2 mana vipers (shapeshifter) (Vaults:4)
  2 tengu zombies
  2 iron dragon zombies
  6 cyclopes
  10 orb spiders
  A tengu skeleton (Vaults:2)
  26 wolf spiders
  A faun (shapeshifter) (Vaults:5)
  17 oklob plants
  A frost giant zombie (Vaults:4)
  3 shadow dragon skeletons
  15 necromancers
  7 orc sorcerers
  61 deep elf magi
  4 shining eyes
  8 fauns
  2 iron dragon skeletons (Depths:3)
  A frost giant skeleton (Crypt:3)
  10 manticores
  36 ugly things
  53 moths of wrath
  3 elephants
  A black mamba (shapeshifter) (Vaults:5)
  A fire giant skeleton (Vaults:1)
  7 merfolk sirens
  A human skeleton (Vaults:2)
  An ice statue (IceCv)
  4 eyes of devastation
  A rust devil (Depths:1)
  3 stone giant skeletons
  An eye of devastation (shapeshifter) (Depths:3)
  8 water nymphs
  5 black mambas
  9 torpor snails
  2 guardian serpents (shapeshifter)
  Maurice (D:13)
  4 centaur skeletons
  9 spiny frogs
  A gargoyle (D:14)
  4 small abominations
  13 vault sentinels
  50 yaktaurs
  18 freezing wraiths
  8 ice devils
  18 demonic crawlers
  7 tengu conjurers
  2 rime drakes (Lair:6)
  10 komodo dragons
  3 golden dragon simulacra
  An anaconda simulacrum (IceCv)
  A hellwing (Depths:1)
  30 merfolk
  A yaktaur skeleton (Vaults:2)
  33 jumping spiders
  2 meliai (shapeshifter) (Depths:1)
  A troll (shapeshifter) (Depths:2)
  3 meliai (Spider:2)
  3 polar bears
  A shadow dragon simulacrum (Vaults:1)
  A polar bear (shapeshifter) (Vaults:3)
  10 trolls
  20 hornets
  Prince Ribbit (D:5)
  2 raiju (shapeshifter)
  6 wind drakes
  A wind drake (shapeshifter) (Depths:3)
  19 blink frogs
  A fire dragon zombie (Crypt:1)
  A slime creature (shapeshifter) (Vaults:4)
  7 snapping turtles
  16 dream sheep
  11 hippogriffs
  3 bog bodies (Crypt:2)
  A meliai zombie (D:14)
  An alligator skeleton (Crypt:2)
  An ettin zombie (Vaults:4)
  81 slime creatures
  A black mamba zombie (Crypt:2)
  2 flying skulls (Crypt:3)
  A spriggan skeleton (Depths:3)
  79 redbacks
  A stone giant simulacrum (Vaults:1)
  30 tarantellas
  A shadow (D:14)
  An ettin skeleton (Vaults:4)
  A vampire (D:14)
  4 dire elephant simulacra (IceCv)
  2 spriggans (shapeshifter)
  4 air elementals
  3 tarantellas (shapeshifter)
  6 wyverns
  41 yaks
  7 spriggans
  3 fire bats (Lair:2)
  8 wraiths
  A basilisk (shapeshifter) (Vaults:1)
  A fire bat (shapeshifter) (Vaults:5)
  A steam dragon (Lair:3)
  18 water elementals
  4 golden eyes (Slime:5)
  2 yaks (shapeshifter)
  A yaktaur simulacrum (Vaults:3)
  3 fire elementals
  6 basilisks
  9 vampire mosquitoes
  6 hungry ghosts
  6 harpy simulacra (IceCv)
  A wind drake skeleton (Crypt:1)
  An infernal demonspawn zombie (Crypt:2)
  A monstrous demonspawn zombie (Crypt:3)
  4 hell hounds (Spider:3)
  An acid dragon (D:14)
  9 wargs
  An orb spider zombie (Crypt:2)
  4 hydra simulacra (IceCv)
  11 water moccasins
  An iron troll simulacrum (IceCv)
  7 porcupines
  A faun skeleton (Crypt:1)
  A phantom (D:11)
  5 ice beasts
  A slave (D:8)
  51 orc warriors
  4 sky beasts
  A spiny frog skeleton (Crypt:3)
  A hornet zombie (D:11)
  3 necrophages
  An ettin simulacrum (IceCv)
  28 boggarts
  5 eyes of draining
  12 wolves
  An eye of draining (shapeshifter) (D:15)
  3 human zombies
  45 ogres
  A dream sheep skeleton (Crypt:2)
  17 centaurs
  A manticore skeleton (Crypt:3)
  16 crocodiles
  A fire crab zombie (Crypt:3)
  An elf zombie (Crypt:3)
  A komodo dragon zombie (Crypt:3)
  21 bullfrogs
  3 earth elementals
  A gnoll sergeant (D:9)
  A glowing shapeshifter simulacrum (Vaults:4)
  A komodo dragon skeleton (Crypt:2)
  A wyvern skeleton (D:14)
  3 scorpions
  2 yak zombies
  8 killer bees
  9 wights
  A polar bear skeleton (Crypt:3)
  6 howler monkeys
  7 crimson imps
  A bullfrog zombie (D:10)
  2 lava snakes (Lair:2)
  3 centaur zombies
  2 draconian simulacra (IceCv)
  3 quasits
  19 jellies
  A gnoll shaman (Orc:1)
  Crazy Yiuf (D:2)
  7 hounds
  19 orc priests
  3 bullfrog skeletons
  3 iguanas
  4 iron imps
  Jessica (D:3)
  Ijyb (D:4)
  29 orc wizards
  11 worker ants
  2 troll simulacra (IceCv)
  2 spriggan simulacra (IceCv)
  A polar bear simulacrum (IceCv)
  A dwarf skeleton (Crypt:1)
  An ogre zombie (Crypt:3)
  3 centaur simulacra (IceCv)
  A hound zombie (D:10)
  A worker ant zombie (D:11)
  15 gnolls
  6 ogre simulacra (IceCv)
  15 adders
  2 naga simulacra (IceCv)
  9 shadow imps
  5 white imps
  5 ufetubi (IceCv)
  2 oozes (D:2)
  A lava snake zombie (Crypt:3)
  3 adder skeletons
  2 worms
  A dart slug (D:1)
  7 leopard geckos
  86 orcs
  A bat zombie (Crypt:3)
  4 giant cockroaches
  13 goblins
  10 hobgoblins
  11 jackals
  5 quokkas
  4 ball pythons
  6 bats
  2 frilled lizards
  A goblin zombie (Crypt:3)
  7 kobolds
  5 rats
  4 bushes
  A crawling corpse (Elf:3)
  5 fungi
  8 plants
2679 creatures vanquished.

Vanquished Creatures (others)
  2 frost giants
  2 yaktaur captains (Depths:5)
  An orb spider (Spider:4)
  A deep elf mage (Elf:1)
  A yaktaur (Vaults:5)
  A rime drake (shapeshifter) (Depths:4)
  A slave (D:8)
  An ogre (Vaults:2)
  A killer bee (D:8)
  A bullfrog skeleton (D:8)
  An iron imp (Depths:1)
  An orc wizard (Depths:2)
  A ball lightning (Zot:5)
  An orc (Orc:1)
  A bush (Zot:2)
  36 fungi
  46 plants
99 creatures vanquished.

Grand Total: 2778 creatures vanquished

Notes
Turn   | Place    | Note
-------+----------+-------------------------------------------
     0 | D:1      | Peloso the Minotaur Fighter began the quest for the Orb.
     0 | D:1      | Reached XP level 1. HP: 19/19 MP: 0/0
   164 | D:1      | Reached XP level 2. HP: 21/27 MP: 1/1
   663 | D:2      | Reached XP level 3. HP: 15/33 MP: 2/2
   923 | D:2      | Found a faded altar of an unknown god.
   938 | D:2      | Reached XP level 4. HP: 33/41 MP: 3/3
  1042 | D:2      | Found a deep blue altar of Sif Muna.
  1441 | D:2      | Found a runed door.
  1644 | D:2      | Noticed Crazy Yiuf
  1648 | D:2      | Killed Crazy Yiuf
  1718 | D:3      | Reached XP level 5. HP: 45/47 MP: 4/4
  1903 | D:3      | Found an iron altar of Okawaru.
  1946 | D:3      | Noticed Jessica
  1951 | D:3      | Killed Jessica
  2013 | D:3      | Reached skill level 1 in Dodging
  2090 | D:3      | Became a worshipper of Warmaster Okawaru
  2699 | D:4      | Reached skill level 5 in Shields
  2724 | D:4      | Noticed Ijyb
  2784 | D:4      | Killed Ijyb
  2784 | D:4      | Reached skill level 5 in Fighting
  2784 | D:4      | Reached XP level 6. HP: 56/56 MP: 5/5
  3030 | D:4      | Reached skill level 5 in Long Blades
  3221 | D:4      | Reached * piety under Okawaru
  3538 | D:5      | Entered Level 5 of the Dungeon
  3554 | D:5      | Noticed Prince Ribbit
  3572 | D:5      | Found a staircase to the Ecumenical Temple.
  3897 | D:5      | Reached skill level 5 in Armour
  3897 | D:5      | Reached XP level 7. HP: 61/61 MP: 3/6
  3962 | D:5      | Found a white marble altar of Elyvilon.
  4333 | D:5      | Killed Prince Ribbit
  4593 | D:6      | Reached ** piety under Okawaru
  4593 | D:6      | Reached XP level 8. HP: 69/69 MP: 7/7
  5289 | D:7      | Reached skill level 1 in Invocations
  5558 | D:7      | Reached *** piety under Okawaru
  5595 | D:7      | Reached XP level 9. HP: 68/77 MP: 9/9
  5760 | D:7      | You fall through a shaft for 2 floors!
  5787 | D:9      | Found a glowing golden altar of the Shining One.
  5788 | D:9      | Noticed a troll
  5804 | D:9      | Killed a troll
  5926 | D:8      | Found a staircase to the Lair.
  5941 | D:8      | Found a snail-covered altar of Cheibriados.
  6194 | D:8      | Found a hide-covered altar of Uskayaw.
  6208 | D:8      | Found a shadowy altar of Dithmenos.
  6346 | D:8      | Found a sparkling altar of Nemelex Xobeh.
  6370 | D:8      | Noticed Pikel
  6397 | D:8      | Killed Pikel
  6397 | D:8      | Reached **** piety under Okawaru
  6616 | D:8      | Found a burning altar of Makhleb.
  6909 | D:7      | Reached XP level 10. HP: 88/88 MP: 10/10
  6910 | D:7      | Found a shattered altar of Ashenzari.
  7107 | D:7      | Reached skill level 10 in Long Blades
  7352 | D:9      | Got a crude chain mail
  7363 | D:9      | Identified the +11 chain mail of Focus {Int+3 Dex+4} (You found it on level 9 of the Dungeon)
  7984 | D:10     | Entered Level 10 of the Dungeon
  8232 | D:10     | Reached skill level 10 in Shields
  8243 | D:10     | Reached ***** piety under Okawaru
  8378 | D:10     | Received a gift from Okawaru
  8398 | D:10     | Got a slimy hat {god gift}
  8404 | D:10     | Identified the +0 hat "Tucacug" {rCorr Str+3 Int+8 Dex-2} (Okawaru gifted it to you on level 10 of the Dungeon)
  8810 | D:11     | Noticed Snorg
  8827 | D:11     | Killed Snorg
  8837 | D:11     | Noticed a skeletal warrior
  8863 | D:11     | Killed a skeletal warrior
  8863 | D:11     | Reached XP level 11. HP: 36/97 MP: 9/11
  8977 | D:11     | Noticed a skeletal warrior
  8979 | D:11     | Noticed a skeletal warrior
  8986 | D:11     | Noticed a skeletal warrior
  8986 | D:11     | Killed an unseen horror
  8990 | D:11     | Noticed a skeletal warrior
  8993 | D:11     | Noticed a white ugly thing
  9302 | D:10     | Killed a white ugly thing
  9315 | D:10     | Killed a skeletal warrior
  9366 | D:11     | Killed a skeletal warrior
  9393 | D:11     | Killed a skeletal warrior
  9605 | D:11     | Killed a skeletal warrior
  9605 | D:11     | Reached skill level 5 in Dodging
  9870 | D:11     | Noticed Bapho's ghost (journeyman MiMo)
  9907 | D:11     | Killed Bapho's ghost
  9943 | D:11     | Got a steaming flail
  9944 | D:11     | Identified the +2 flail "Conservator" {holy, rElec rPois Dex+4 Stlth-} (You found it on level 11 of the Dungeon)
 10024 | D:11     | Found Mefam's Weapon Boutique.
 11112 | D:12     | Reached skill level 1 in Stealth
 11279 | D:12     | Found Botwaeva's General Store.
 11284 | D:12     | Bought 2 potions of curing for 72 gold pieces
 11284 | D:12     | Bought a scroll of blinking for 90 gold pieces
 11302 | D:12     | Noticed a five-headed hydra
 11547 | Lair:1   | Entered Level 1 of the Lair of Beasts
 11586 | Lair:1   | Reached skill level 10 in Fighting
 11634 | Lair:1   | Reached skill level 10 in Armour
 11641 | Lair:1   | Reached XP level 12. HP: 100/106 MP: 12/12
 11698 | Lair:1   | Received a gift from Okawaru
 12306 | Lair:1   | Identified a scroll of acquirement
 12684 | Lair:2   | Noticed Urug
 12717 | Lair:2   | Killed Urug
 12997 | Lair:2   | Reached skill level 1 in Evocations
 13340 | Lair:2   | Found a staircase to the Shoals.
 13390 | Lair:2   | Noticed Bapho's ghost (journeyman TrMo)
 13393 | Lair:2   | Noticed a catoblepas
 13433 | Lair:1   | Killed a catoblepas
 13863 | Lair:2   | Killed Bapho's ghost
 13975 | Lair:2   | Found a hole to the Spider Nest.
 14514 | Lair:3   | Found an ornate altar of the Wu Jian Council.
 15029 | Lair:4   | Found a labyrinth entrance.
 15041 | Lab      | Entered a labyrinth
 15521 | Lab      | Noticed a minotaur
 15541 | Lab      | Killed a minotaur
 15545 | Lab      | Got an encrusted scythe {slice}
 15552 | Lab      | Identified Jyrymel's Handbook of Dark Summoning
 15603 | Lair:4   | Reached XP level 13. HP: 102/116 MP: 14/14
 16029 | Lair:4   | Received a gift from Okawaru
 16426 | D:12     | Found a staircase to the Orcish Mines.
 16859 | D:13     | Reached skill level 1 in Axes
 17350 | D:13     | Noticed Maurice
 17372 | D:13     | Killed Maurice
 17534 | D:13     | Reached skill level 15 in Shields
 18165 | D:14     | Noticed Lentor's ghost (journeyman MiBe)
 18191 | D:14     | Killed Lentor's ghost
 18328 | D:14     | Received a gift from Okawaru
 18882 | D:14     | Found a gate to the Vaults.
 19692 | Lair:4   | Reached skill level 15 in Long Blades
 20386 | Lair:5   | Found a staircase to the Slime Pits.
 20438 | Lair:5   | Reached XP level 14. HP: 96/127 MP: 15/15
 21828 | Lair:5   | Received a gift from Okawaru
 21834 | Lair:5   | Got a twisted double sword {god gift}
 21835 | Lair:5   | Identified the +5 double sword of Daejounwot {flame, MR+ Str+5} (Okawaru gifted it to you on level 5 of the Lair of Beasts)
 22782 | Lair:6   | Entered Level 6 of the Lair of Beasts
 23387 | Lair:6   | Found the +2 pair of boots of the Assassin {Detection Stab+ Stlth++}
 23403 | Lair:6   | Got a pair of faintly humming boots
 23414 | Lair:6   | Identified the +0 pair of boots of Hangman {*Contam rF+ rN++ MP+9} (You acquired it on level 6 of the Lair of Beasts)
 23433 | Lair:6   | Gained mutation: Your spells are a little easier to cast, but a little less powerful. [mutagenic glow]
 23577 | Lair:6   | Noticed Rupert
 23583 | Lair:6   | Reached ****** piety under Okawaru
 23615 | Lair:6   | Received a gift from Okawaru
 24204 | Lair:6   | Killed Rupert
 24365 | Lair:6   | Got an ancient brass ring
 24507 | Lair:6   | Identified the ring of Serendipity {MR+ Int+5} (You found it on level 6 of the Lair of Beasts)
 25083 | D:15     | Entered Level 15 of the Dungeon
 25234 | D:15     | Reached XP level 15. HP: 127/136 MP: 16/16
 25533 | D:15     | Found a staircase to the Depths.
 25730 | D:15     | Found a viscous altar of Jiyva.
 25752 | D:15     | Got an ichor-stained chain mail
 26155 | D:15     | Noticed kaisn's ghost (journeyman FoFi)
 26167 | D:15     | Killed kaisn's ghost
 26398 | D:15     | Received a gift from Okawaru
 26405 | D:15     | Got an ichor-stained falchion {god gift}
 26776 | D:15     | Identified the +5 chain mail "Xaqolob" {Regen+ rCorr} (You found it on level 15 of the Dungeon)
 26790 | D:15     | Got an encrusted shield
 26796 | D:15     | Identified the +4 shield of Junwea {Slay+2 Stlth+} (You acquired it on level 15 of the Dungeon)
 26987 | Orc:1    | Entered Level 1 of the Orcish Mines
 27234 | Orc:1    | Found a roughly hewn altar of Beogh.
 27268 | Orc:2    | Entered Level 2 of the Orcish Mines
 27291 | Orc:2    | Found Cawnorgh's Jewellery Shoppe.
 27307 | Orc:2    | Bought the ring of Hox Hel {rElec Dex+4 Stlth+} for 438 gold pieces
 27571 | Orc:2    | Found Roloeh's Antique Weapon Emporium.
 27633 | Orc:2    | Found Lidwijisk's Antique Armour Shoppe.
 27680 | Orc:2    | Bought a twisted plate armour for 924 gold pieces
 27692 | Orc:2    | Identified the cursed +1 plate armour of Zook {rC+ Slay+2} (You bought it in a shop on level 2 of the Orcish Mines)
 27733 | Orc:2    | Bought a jewelled falchion for 224 gold pieces
 27735 | Orc:2    | Identified the +1 falchion of Tadghi Ogull {flame, rElec rPois Str+4 Stlth-} (You bought it in a shop on level 2 of the Orcish Mines)
 27736 | Orc:2    | Identified the +8 falchion of Ascent {slice, +Blink rElec} (Okawaru gifted it to you on level 15 of the Dungeon)
 27855 | Orc:2    | Noticed an orc warlord
 27872 | Orc:2    | Killed an orc warlord
 27877 | Orc:2    | Gained mutation: You are frail. (-10% HP) [a neqoxec]
 27883 | Orc:2    | Noticed Nessos
 27903 | Orc:2    | Killed Nessos
 27926 | Orc:2    | Found Wiokaiqa's General Store.
 27932 | Orc:2    | Received a gift from Okawaru
 27945 | Orc:2    | Got a steaming plate armour {god gift}
 28044 | Orc:2    | Found a staircase to the Elven Halls.
 28167 | Orc:2    | Found Lucu's Jewellery Boutique.
 28528 | Orc:2    | Found Ecwoebuw's Magic Scroll Boutique.
 28536 | Orc:2    | Bought a scroll of teleportation for 33 gold pieces
 28536 | Orc:2    | Bought a scroll of teleportation for 33 gold pieces
 28536 | Orc:2    | Bought a scroll of identify for 22 gold pieces
 28829 | Orc:1    | Found Kaitz's Food Shoppe.
 29074 | Orc:2    | Identified the +1 plate armour "Neraenes" {MR+ Str+2} (Okawaru gifted it to you on level 2 of the Orcish Mines)
 29261 | Lair:1   | Identified the +9 scythe "Noiwn" {slice, rC+ rN+} (You took it off a minotaur in a labyrinth)
 29269 | Lair:1   | Lost mutation: Your spells are a little easier to cast, but a little less powerful. [potion of mutation]
 29269 | Lair:1   | Lost mutation: You are frail. (-10% HP) [potion of mutation]
 29269 | Lair:1   | Gained mutation: You expend magic power (3 MP) to strengthen your wands. [potion of mutation]
 29269 | Lair:1   | Gained mutation: Your natural rate of healing is unusually fast. [potion of mutation]
 29379 | Spider:1 | Entered Level 1 of the Spider Nest
 30591 | Spider:2 | Noticed Aizul
 30594 | Spider:2 | Killed Aizul
 30827 | Spider:2 | Reached XP level 16. HP: 136/147 MP: 17/17
 31384 | Spider:2 | Received a gift from Okawaru
 32149 | Spider:3 | Noticed Azrael
 32158 | Spider:3 | Killed Azrael
 32200 | Spider:3 | Received a gift from Okawaru
 32638 | Spider:3 | Reached skill level 15 in Fighting
 33055 | Spider:4 | Entered Level 4 of the Spider Nest
 33141 | Spider:4 | Got an encrusted dagger
 34230 | Spider:4 | Received a gift from Okawaru
 34348 | Spider:4 | Reached XP level 17. HP: 156/156 MP: 18/18
 34524 | Spider:4 | Got a gossamer rune of Zot
 34691 | Spider:4 | Noticed Arachne
 34723 | Spider:4 | Killed Arachne
 34744 | Spider:4 | Identified the +7 dagger of Destruction {venom, rPois Str+3 Int-3 Stlth+} (You found it on level 4 of the Spider Nest)
 35112 | Shoals:1 | Entered Level 1 of the Shoals
 35161 | Shoals:1 | Noticed Nikola
 35183 | Shoals:1 | Noticed Donald
 35187 | Shoals:1 | Killed Nikola
 35197 | Shoals:1 | Killed Donald
 35554 | Shoals:1 | Noticed Roxanne
 35565 | Shoals:1 | Killed Roxanne
 35565 | Shoals:1 | Received a gift from Okawaru
 35566 | Shoals:1 | Identified Roxanne's Almanac of Stones (You took it off Roxanne on level 1 of the Shoals)
 35665 | Shoals:1 | Noticed Kohma's ghost (journeyman MiFi)
 35695 | Shoals:1 | Killed Kohma's ghost
 36884 | Shoals:3 | Found Bucekana's Gadget Shoppe.
 36966 | Shoals:3 | Found a frozen archway.
 36980 | IceCv    | Entered an ice cave
 37342 | IceCv    | Noticed an Ice Fiend
 37357 | IceCv    | Killed an Ice Fiend
 37500 | IceCv    | Got a sparkling platinum ring
 37502 | IceCv    | Identified the ring "Xiuvyicw" {rElec rN+ MR+ Int+4} (You found it in an ice cave)
 37964 | Shoals:3 | Reached XP level 18. HP: 168/168 MP: 19/19
 38684 | Shoals:4 | Entered Level 4 of the Shoals
 38785 | Shoals:4 | Received a gift from Okawaru
 38788 | Shoals:4 | Got a bloodstained broad axe {god gift}
 38835 | Shoals:4 | Reached skill level 5 in Stealth
 38853 | Shoals:4 | Identified the +2 broad axe "Duna" {flame, rN++} (Okawaru gifted it to you on level 4 of the Shoals)
 38876 | Shoals:4 | Got a barnacled rune of Zot
 39581 | Shoals:4 | Received a gift from Okawaru
 39589 | Shoals:4 | Noticed Ilsuiw
 39590 | Shoals:4 | Got a pair of jewelled gloves {god gift}
 39640 | Shoals:4 | Killed Ilsuiw
 39760 | Shoals:4 | Identified the +1 pair of gloves "Fabehiol" {Int+5 Slay+3} (Okawaru gifted it to you on level 4 of the Shoals)
 39810 | Shoals:4 | Found the +2 Maxwell's thermic engine {flame, freeze, rF- rC-}
 40131 | Shoals:4 | Reached skill level 15 in Armour
 41049 | Elf:1    | Entered Level 1 of the Elven Halls
 41336 | Elf:1    | Got a polished large shield
 41347 | Elf:1    | Identified the +8 large shield of Peniwim {Dex+7} (You acquired it on level 1 of the Elven Halls)
 41622 | Elf:1    | Noticed Louise
 41638 | Elf:1    | Killed Louise
 41702 | Elf:1    | Identified Foghehed's Collected Works on Supportive Combat Magic
 41982 | Elf:2    | Received a gift from Okawaru
 41996 | Elf:2    | Noticed Jorgrun
 42011 | Elf:2    | Killed Jorgrun
 42183 | Elf:2    | Found a huge runed gate.
 42186 | Elf:2    | Found a huge runed gate.
 42186 | Elf:2    | Found a huge runed gate.
 42188 | Elf:2    | Found a huge runed gate.
 42188 | Elf:2    | Found a huge runed gate.
 42458 | Elf:2    | Reached XP level 19. HP: 177/177 MP: 20/20
 43018 | Elf:3    | Entered Level 3 of the Elven Halls
 43463 | Elf:3    | Received a gift from Okawaru
 43993 | Elf:3    | Got a bone demon blade {drain}
 44058 | Elf:3    | Identified the +12 demon blade of Lumamyem {drain, rPois rF+} (You took it off a deep elf knight on level 3 of the Elven Halls)
 44128 | Elf:3    | Received a gift from Okawaru
 44235 | Elf:3    | Got a transparent falchion {protect}
 44275 | Elf:3    | Identified the Guide on Combat Magic and Unholy Rites
 44639 | Lair:1   | Identified the cursed +2 falchion of the Philosopher {protect, +Blink MR+} (You took it off a deep elf sorcerer on level 3 of the Elven Halls)
 45244 | Elf:3    | Got a pair of encrusted gloves
 45289 | Elf:3    | Got a bloodstained spear {protect}
 45292 | Elf:3    | Got a brightly glowing lajatang {slice}
 45726 | Lair:1   | Identified the cursed +0 spear of Saukid {protect, rPois Dex+7} (You took it off a deep elf death mage on level 3 of the Elven Halls)
 45739 | Lair:1   | Identified the cursed +3 lajatang of Equilibrium {slice, rPois rF+ rC+} (You took it off a deep elf death mage on level 3 of the Elven Halls)
 45793 | Lair:1   | Identified the cursed +0 pair of gloves of Bagol {rC+ MR+ Dex-5} (You found it on level 3 of the Elven Halls)
 46054 | Vaults:1 | Entered Level 1 of the Vaults
 46536 | Vaults:1 | Reached XP level 20. HP: 188/188 MP: 21/21
 46627 | Vaults:1 | Received a gift from Okawaru
 47397 | Vaults:2 | Reached skill level 10 in Dodging
 47678 | Vaults:2 | Received a gift from Okawaru
 47694 | Vaults:2 | Got a slimy falchion {god gift}
 47710 | Vaults:2 | Identified the +3 falchion of Test {venom, rElec Str-2 Dex+4} (Okawaru gifted it to you on level 2 of the Vaults)
 48102 | Vaults:2 | Found a staircase to the Crypt.
 48157 | Vaults:2 | Got a pair of faintly humming gloves
 48168 | Vaults:2 | Identified the +2 pair of gloves "Nucuptou" {Dex+4} (You found it on level 2 of the Vaults)
 49038 | Vaults:3 | Found Obideil's Antique Armour Boutique.
 49063 | Vaults:3 | Received a gift from Okawaru
 49237 | Vaults:3 | Found a roughly hewn altar of Beogh.
 49712 | Vaults:3 | Reached XP level 21. HP: 198/198 MP: 22/22
 50055 | Vaults:4 | Found Ywnisuo's General Store.
 50058 | Vaults:4 | Bought a scroll of summoning for 114 gold pieces
 50552 | Vaults:4 | Received a gift from Okawaru
 50592 | Vaults:4 | Got a crude scimitar {god gift}
 50594 | Vaults:4 | Identified the +4 scimitar of Optimality {speed, rPois rC+ MP+9 Dex+4} (Okawaru gifted it to you on level 4 of the Vaults)
 51104 | Vaults:4 | Paralysed by a floating eye for 2 turns
 51151 | Vaults:4 | Received a gift from Okawaru
 51165 | Vaults:4 | Found the +8 glaive of the Guard {elec, +Rage AC+5 SInv}
 51545 | Vaults:5 | Entered Level 5 of the Vaults
 51890 | Vaults:5 | Reached XP level 22. HP: 176/207 MP: 23/23
 51985 | Vaults:4 | Received a gift from Okawaru
 52168 | Vaults:5 | Reached skill level 27 in Shields
 52524 | Vaults:5 | Noticed a golden dragon
 52550 | Vaults:4 | Killed a golden dragon
 52612 | Vaults:4 | Got an uncursed pitted mace {crush}
 53234 | Vaults:4 | Received a gift from Okawaru
 53313 | Vaults:4 | Identified the +10 mace of Miwnomar {crush, +Rage rElec Dex+3 Stlth-} (You took it off a yaktaur on level 4 of the Vaults)
 54394 | Vaults:5 | Received a gift from Okawaru
 54402 | Vaults:5 | Got a smoking glaive {holy}
 55003 | Vaults:5 | Got a silver rune of Zot
 55460 | Vaults:5 | Identified the +9 glaive of Hepliaklqana's Pride {holy, *Corrode Str+9 SInv} (You took it off a tengu reaver on level 5 of the Vaults)
 56122 | Depths:1 | Entered Level 1 of the Depths
 56211 | Depths:1 | Received a gift from Okawaru
 56264 | Depths:1 | Reached XP level 23. HP: 220/220 MP: 24/24
 56358 | Depths:1 | Noticed Delanovic's ghost (adept DsSk)
 56367 | Depths:1 | Killed Delanovic's ghost
 56460 | Depths:1 | Found a runed door.
 56731 | Depths:1 | Found a gateway to Hell.
 56826 | Depths:1 | Found a one-way gate leading to the halls of Pandemonium.
 57284 | Depths:2 | Noticed a juggernaut
 57302 | Depths:2 | Killed a juggernaut
 57302 | Depths:2 | Received a gift from Okawaru
 57393 | Depths:2 | Found the brooch of Shielding {Reflect SH+8}
 57501 | Depths:2 | Noticed a caustic shrike
 57506 | Depths:2 | Killed a caustic shrike
 57540 | Depths:2 | Noticed Saint Roka
 57576 | Depths:2 | Killed Saint Roka
 57578 | Depths:2 | Noticed a caustic shrike
 57588 | Depths:2 | Killed a caustic shrike
 57816 | Depths:2 | Noticed a caustic shrike
 57828 | Depths:2 | Killed a caustic shrike
 57837 | Depths:2 | Got a dazzling bardiche {antimagic}
 58022 | Depths:2 | Noticed a caustic shrike
 58032 | Depths:2 | Killed a caustic shrike
 58044 | Depths:2 | Received a gift from Okawaru
 58054 | Depths:2 | Got an encrusted large shield {god gift}
 58071 | Depths:2 | Identified the +0 large shield of Midnight {rElec rF+ rC- Regen+} (Okawaru gifted it to you on level 2 of the Depths)
 58564 | Lair:1   | Identified the cursed +1 bardiche "Zedisug" {antimagic, rC- MR- Int+5 Dex+4} (You took it off a centaur warrior on level 2 of the Depths)
 59256 | Depths:2 | Noticed a juggernaut
 59273 | Depths:2 | Killed a juggernaut
 59293 | Depths:2 | Got a glittering lapis lazuli ring
 59299 | Depths:2 | Identified Tiurgh Iwke's Grimoire of Sinister Summoning
 59342 | Depths:2 | Reached XP level 24. HP: 234/234 MP: 25/25
 59374 | Depths:3 | Found a one-way gate to the infinite horrors of the Abyss.
 59489 | Depths:3 | Noticed Mennas
 59524 | Depths:3 | Killed Mennas
 59539 | Depths:3 | Received a gift from Okawaru
 59553 | Depths:3 | Identified the ring "Zudu" {Str+2 Int+2 SInv} (You took it off a yaktaur on level 2 of the Depths)
 59567 | Depths:3 | Noticed Bai Suzhen
 59581 | Depths:3 | Killed Bai Suzhen
 59885 | Depths:3 | Found a gateway to a ziggurat.
 60183 | Depths:3 | Noticed a juggernaut
 60190 | Depths:3 | Noticed Frederick
 60193 | Depths:3 | Killed a juggernaut
 60213 | Depths:3 | Found a snail-covered altar of Cheibriados.
 60224 | Depths:3 | Killed Frederick
 60224 | Depths:3 | Received a gift from Okawaru
 61153 | Depths:4 | Found Lawuc's Gadget Boutique.
 61153 | Depths:4 | Found Rato's Jewellery Shoppe.
 61154 | Depths:4 | Found Emesitel's Jewellery Shoppe.
 61232 | Depths:4 | Noticed a juggernaut
 61261 | Depths:4 | Killed a juggernaut
 61261 | Depths:4 | Received a gift from Okawaru
 61268 | Depths:4 | Reached XP level 25. HP: 180/243 MP: 25/25
 61285 | Depths:4 | Noticed a juggernaut
 61296 | Depths:4 | Killed a juggernaut
 62629 | Depths:4 | Got a smoking trident
 63002 | Depths:5 | Entered Level 5 of the Depths
 63004 | Depths:5 | Found a magical portal.
 63040 | Depths:5 | Received a gift from Okawaru
 63103 | WizLab   | Entered Wucad Mu's Monastery
 63251 | WizLab   | Found the +9 staff of Wucad Mu {channel}
 63324 | WizLab   | Reached skill level 1 in Polearms
 63324 | WizLab   | Reached skill level 1 in Staves
 63324 | WizLab   | Reached skill level 1 in Throwing
 63324 | WizLab   | Reached skill level 1 in Unarmed Combat
 63324 | WizLab   | Reached XP level 26. HP: 254/254 MP: 12/25
 63418 | WizLab   | Identified the +4 trident of Calamity {antimagic, Dex+5} (You found it on level 4 of the Depths)
 63518 | Depths:5 | Found a gate to the Realm of Zot.
 63656 | Depths:5 | Received a gift from Okawaru
 63707 | Depths:5 | Got an encrusted long sword {god gift}
 63708 | Depths:5 | Identified the +10 long sword of the Throat {freeze, Dex+3} (Okawaru gifted it to you on level 5 of the Depths)
 64556 | Crypt:1  | Entered Level 1 of the Crypt
 65377 | Crypt:2  | Received a gift from Okawaru
 65385 | Crypt:2  | Got a jewelled shield
 65396 | Crypt:2  | Identified the +5 shield "Igilerets" {*Slow rC+ Str+4} (You found it on level 2 of the Crypt)
 65690 | Crypt:2  | Reached XP level 27. HP: 139/265 MP: 25/25
 66432 | Crypt:3  | Entered Level 3 of the Crypt
 66928 | Crypt:3  | Found the +10 zealot's sword {holy, *Rage rN+ EV+3}
 66929 | Crypt:3  | Found the +7 sceptre of Torment
 66987 | Crypt:3  | Found a staircase to the Tomb.
 67246 | Crypt:3  | Noticed an ancient lich
 67259 | Crypt:3  | Noticed an ancient lich
 67271 | Crypt:3  | Killed an ancient lich
 67271 | Crypt:3  | Received a gift from Okawaru
 67284 | Crypt:3  | Killed an ancient lich
 67428 | Crypt:3  | Got a smoking lajatang
 67429 | Crypt:3  | Identified the +10 lajatang of Purr {slice, MR+ Int-3 Dex+8} (You found it on level 3 of the Crypt)
 68483 | Zot:1    | Entered Level 1 of the Realm of Zot
 68501 | Zot:1    | Received a gift from Okawaru
 68506 | Zot:1    | Got an ichor-stained falchion {god gift}
 68507 | Zot:1    | Identified the +8 falchion of Sih Fut {slice, rPois rF- Str+8} (Okawaru gifted it to you on level 1 of the Realm of Zot)
 68542 | Zot:1    | Found a transporter.
 68830 | Zot:1    | Found a sparkling altar of Nemelex Xobeh.
 69153 | Zot:1    | Found a white marble altar of Elyvilon.
 69220 | Zot:1    | Reached skill level 27 in Long Blades
 69368 | Zot:1    | Received a gift from Okawaru
 69403 | Zot:1    | Reached skill level 27 in Fighting
 69453 | Zot:1    | Found a transporter.
 69498 | Zot:1    | Got a slimy rapier
 69519 | Zot:1    | Got a smoking platinum ring
 69520 | Zot:1    | Identified the ring of Zocur {*Tele MR+} (You found it on level 1 of the Realm of Zot)
 69856 | Zot:2    | Reached skill level 5 in Invocations
 70921 | Zot:2    | Noticed an orb of fire
 70921 | Zot:2    | Gained mutation: You are dopey. (Int -2) [an orb of fire]
 70923 | Zot:2    | Gained mutation: You are very dopey. (Int -4) [an orb of fire]
 70930 | Zot:2    | Killed an orb of fire
 70930 | Zot:2    | Received a gift from Okawaru
 71362 | Zot:3    | Received a gift from Okawaru
 72730 | Zot:4    | Received a gift from Okawaru
 72751 | Zot:4    | Got a pitted falchion {god gift}
 72752 | Zot:4    | Identified the +7 falchion of Calculation {slice, +Fly MR+} (Okawaru gifted it to you on level 4 of the Realm of Zot)
 73084 | Zot:5    | Entered Level 5 of the Realm of Zot
 73419 | Zot:5    | Noticed an orb of fire
 73435 | Zot:5    | Gained mutation: Your body sometimes deteriorates upon taking damage. [an orb of fire]
 73436 | Zot:5    | Killed an orb of fire
 73436 | Zot:5    | Received a gift from Okawaru
 73441 | Zot:5    | Reached skill level 10 in Stealth
 73508 | Zot:5    | Noticed an orb of fire
 73515 | Zot:5    | Killed an orb of fire
 73999 | Lair:1   | Identified the +1 rapier of the Median {pierce, +Rage rC+++ Dex+3} (You found it on level 1 of the Realm of Zot)
 74660 | Zot:5    | Noticed an ancient lich
 74668 | Zot:5    | Killed an ancient lich
 74715 | Zot:5    | Noticed an ancient lich
 74720 | Zot:5    | Noticed an orb of fire
 74733 | Zot:5    | Killed an ancient lich
 74733 | Zot:5    | Received a gift from Okawaru
 74742 | Zot:5    | Killed an orb of fire
 74753 | Zot:5    | Noticed an ancient lich
 74775 | Zot:5    | Killed an ancient lich
 74800 | Zot:5    | Got a polished quarterstaff {god gift}
 74842 | Zot:5    | Noticed an ancient lich
 74847 | Zot:5    | Killed an ancient lich
 74891 | Zot:5    | Noticed an ancient lich
 74897 | Zot:5    | Killed an ancient lich
 74897 | Zot:5    | Received a gift from Okawaru
 74897 | Zot:5    | Reached skill level 27 in Armour
 75064 | Zot:5    | Noticed an orb of fire
 75066 | Zot:5    | Gained mutation: Your spells are a little easier to cast, but a little less powerful. [an orb of fire]
 75074 | Zot:5    | Gained mutation: You are frail. (-10% HP) [an orb of fire]
 75076 | Zot:5    | Killed an orb of fire
 75117 | Zot:5    | Received a gift from Okawaru
 75146 | Zot:5    | Got a scorched animal skin {god gift}
 75153 | Zot:5    | Got a transparent plate armour
 75163 | Zot:5    | Identified the +3 animal skin "Ujux Pem" {Str+6} (Okawaru gifted it to you on level 5 of the Realm of Zot)
 75189 | Zot:5    | Identified the cursed +0 plate armour "Ylas" {rF+} (You found it on level 5 of the Realm of Zot)
 75203 | Zot:5    | Noticed an ancient lich
 75207 | Zot:5    | Noticed an orb of fire
 75207 | Zot:5    | Gained mutation: Your body often deteriorates upon taking damage. [an orb of fire]
 75208 | Zot:5    | Killed an ancient lich
 75209 | Zot:5    | Gained mutation: Your magical capacity is low. (-10% MP) [an orb of fire]
 75226 | Zot:5    | Killed an orb of fire
 75226 | Zot:5    | Reached skill level 5 in Unarmed Combat
 75233 | Zot:5    | HP: 8/245 [Orb Guardian (25)]
 76418 | Lair:1   | Identified the +5 quarterstaff of Doom {freeze, +Fly Str+3} (Okawaru gifted it to you on level 5 of the Realm of Zot)
 76552 | Slime:1  | Entered Level 1 of the Pits of Slime
 76701 | Slime:2  | Gained mutation: Your magical capacity is very low. (-20% MP) [a shining eye]
 76703 | Slime:2  | Gained mutation: You are weak. (Str -2) [a shining eye]
 77124 | Slime:5  | Entered Level 5 of the Pits of Slime
 77140 | Slime:5  | Received a gift from Okawaru
 77439 | Slime:5  | Noticed the Royal Jelly
 77450 | Slime:5  | Killed the Royal Jelly
 77472 | Slime:5  | HP: 8/245 [acid blob (17)]
 77472 | Slime:5  | HP: 3/245 [acid (5)]
 77472 | Slime:5  | Mangled by a death ooze

Skill      XL: |  1  2  3  4  5  6  7  8  9 10 11 12 13 14 15 16 17 18 19 20 21 22 23 24 25 26 27 |
---------------+----------------------------------------------------------------------------------+-----
Fighting       | 4 5 6 7 9 10 11 12 13 14 15 16 17 18 19 21 22 24 25 27 | 27.0
Armour         | 4 5 7 8 10 11 12 13 14 15 16 17 18 27 | 27.0
Shields        | 4 5 6 7 9 11 12 14 15 17 18 20 21 22 24 25 26 27 | 27.0
Long Blades    | 3 4 5 7 8 9 11 13 14 15 16 17 18 19 20 21 22 23 24 25 26 27 | 27.0
Dodging        | 1 2 3 4 5 6 7 8 9 10 11 12 13 14 | 14.1
Invocations    | 1 2 3 4 9 |  9.2
Stealth        | 1 3 4 5 6 7 8 9 14 | 14.6
Evocations     | 1 2 3 |  3.2
Axes           | 2 |  2.3
Polearms       | 1 |  1.2
Staves         | 1 |  1.4
Throwing       | 1 |  1.0
Unarmed Combat | 1 6 |  6.4
Spellcasting   | |  0.5

Action                   |  1- 3 |  4- 6 |  7- 9 | 10-12 | 13-15 | 16-18 | 19-21 | 22-24 | 25-27 || total
-------------------------+-------+-------+-------+-------+-------+-------+-------+-------+-------++-------
Melee: Long sword        |    73 |   188 |   368 |   909 |   706 |       |       |       |       ||  2244
       Headbutt          |    10 |    33 |    67 |   269 |   480 |   452 |   499 |   593 |   856 ||  3259
       Unarmed           |       |     2 |       |       |       |       |       |       |    10 ||    12
       Hand axe          |       |       |       |       |    34 |       |       |       |       ||    34
       Double sword      |       |       |       |       |   751 |  1392 |  1279 |  1397 |  1944 ||  6763
       Demon blade       |       |       |       |       |       |       |    71 |       |       ||    71
       Eudemon blade     |       |       |       |       |       |       |       |       |   163 ||   163
Invok: Heroism           |       |     1 |     6 |    15 |    12 |     3 |       |     7 |     7 ||    51
Evoke: Wand              |       |       |     1 |     2 |    26 |       |     7 |       |     7 ||    43
  Use: Scroll            |       |     9 |     2 |    17 |    17 |     8 |    10 |    11 |    21 ||    95
       Potion            |       |     1 |     1 |     1 |     3 |       |       |     1 |     8 ||    15
 Stab: Sleeping          |       |       |       |       |     7 |    32 |    22 |    11 |     2 ||    74
       Distracted        |       |       |       |       |       |     2 |     1 |     6 |       ||     9
       Confused          |       |       |       |       |       |       |       |       |     3 ||     3
  Eat: Chunk             |       |     9 |    12 |    21 |    43 |    36 |    28 |    25 |    27 ||   201
       Ration            |       |       |     1 |     3 |     3 |     1 |     1 |     2 |     8 ||    19
Armor: Scale mail        |    42 |    75 |     4 |       |       |       |       |       |       ||   121
       Chain mail        |       |       |   192 |   327 |   526 |   545 |   255 |   267 |     1 ||  2113
       Gold dragon scale |       |       |       |       |       |       |       |       |   471 ||   471
Dodge: Dodged            |    26 |    72 |    96 |   190 |   546 |   610 |   380 |   517 |   638 ||  3075
Block: Shield            |    52 |   128 |   226 |   544 |  1394 |  1665 |       |       |       ||  4009
       Large shield      |       |       |       |       |       |    54 |  1949 |  2355 |  3428 ||  7786
       Reflection        |       |       |       |       |       |       |       |    32 |    71 ||   103
       Rpst.: Long sword |     8 |    22 |    26 |    56 |    48 |       |       |       |       ||   160
       Double sword      |       |       |       |       |    64 |   119 |    64 |    77 |    76 ||   400
       Demon blade       |       |       |       |       |       |       |     1 |       |       ||     1
       Eudemon blade     |       |       |       |       |       |       |       |       |     5 ||     5
